 Dungeon Crawl Stone Soup version 0.28-a0-1567-g1695149f81 (webtiles) character file.

Game seed: 8302465923096739975

317 tatocazan the Bolt Thrower (level 6, -5/53 HPs)
             Began as a Minotaur Hunter on Jan 19, 2022.
             Slain by a kobold brigand (7 damage)
             ... in a sewer.
             The game lasted 00:05:05 (3364 turns).

tatocazan the Bolt Thrower (Minotaur Hunter)        Turns: 3364, Time: 00:05:06

Health: -5/53      AC:  3    Str: 18    XL:     6   Next: 20%
Magic:  5/5        EV: 12    Int:  8    God:
Gold:   109        SH:  0    Dex: 11    Spells: 5/5 levels left

rFire   . . .      SeeInvis .   a - +1 hand crossbow
rCold   . . .      Faith    .   (no shield)
rNeg    . . .      Spirit   .   c - +0 leather armour
rPois   .          Reflect  .   (helmet restricted)
rElec   .          Harm     .   (no cloak)
rCorr   .          Rampage  .   (no gloves)
Will    .....                   (no boots)
Stlth   +.........              (no amulet)
HPRegen 0.17/turn               (no ring)
MPRegen 0.09/turn               (no ring)

@: mighty, lethally poisoned (-5 -> -7), flying, slowed, very slow
A: horns 2, retaliatory headbutt
a: no special abilities


You were in a sewer.
You visited 1 branch of the dungeon, and saw 3 of its levels.
You also visited: Sewer.

You collected 109 gold pieces.

Inventory:

Hand Weapons
 a - a +1 hand crossbow (weapon)
 b - a +0 short sword
Missiles
 d - 14 bolts (quivered ammo)
 i - 16 poisoned darts
Armour
 c - a +0 leather armour (worn)
Jewellery
 k - a ring of willpower
Scrolls
 e - a scroll of amnesia {unknown}
 h - a scroll of silence {unknown}
 j - a scroll of blinking {unknown}
 m - a scroll of fear {unknown}
 n - a scroll of identify {unknown}
 p - a scroll of acquirement {unknown}
Potions
 l - a potion of invisibility {unknown}
 o - a potion of heal wounds {unknown}


   Skills:
 + Level 4.5 Fighting
 + Level 5.6 Crossbows
 + Level 3.4 Armour
 + Level 4.0 Dodging
 - Level 0.7 Stealth


You had 5 spell levels left.
You didn't know any spells.
Your spell library contained the following spells:

 Spells                   Type           Power      Damage    Failure   Level
 Gell's Gravitas          Tloc           0%         N/A       83%         3
 Teleport Other           Tloc           0%         N/A       83%         3
 Dispersal                Tloc           0%         N/A       100%        6


Dungeon Overview and Level Annotations

Branches:
Dungeon (3/15)              Sewer (1/1)

Altars:

Shops:
D:2 [[!


Innate Abilities, Weirdness & Mutations

You have a pair of horns on your head.
You reflexively headbutt those who attack you in melee.


Message History

You shoot a bolt.
The bolt barely misses the kobold brigand.
The bolt barely misses the kobold.
The bolt barely misses the kobold brigand.
The bolt barely misses the kobold brigand.
You feel very sick.
The kobold brigand hits you with a +0 short sword.
* * * LOW HITPOINT WARNING * * *
You take 6 damage, and have 13/53 hp.
Fire: 15 bolts
Press: ? - help, Q - select action, (/) - cycle Shift-Dir - straight line, f/p - kobold brigand
Aim: a kobold brigand, wielding a +0 short sword and quivering curare-tipped darts (heavily wounded, 59% to hit)
You shoot a bolt. The bolt hits the kobold brigand.
The kobold brigand is severely wounded.
You feel sick. The kobold completely misses you.
The kobold brigand throws a poisoned dart.
The poisoned dart completely misses you.
The kobold brigand closely misses you.
The kobold hits you with a +0 short sword.
* * * LOW HITPOINT WARNING * * *
The kobold brigand throws a poisoned dart.
The poisoned dart barely misses you.
You take 3 damage, and have 10/53 hp.
It was a potion of flight.
You feel very buoyant.
You fly up into the air.
You feel sick. The kobold brigand barely misses you.
The kobold brigand throws a poisoned dart.
The poisoned dart barely misses you. The kobold closely misses you.
The kobold brigand hits you with a +0 short sword.
* * * LOW HITPOINT WARNING * * *
You take 2 damage, and have 8/53 hp.
It was a potion of might.
You feel very mighty all of a sudden.
You feel sick. The kobold closely misses you. You furiously retaliate!
You headbutt the kobold!
You kill the kobold!
The kobold brigand hits you with a +0 short sword.
* * * LOW HITPOINT WARNING * * *
The kobold brigand hits you with a +0 short sword!
You die...

# # #.?#. ###### #######
#!....#...)### ##.....###
#..()(.(.K@.####........###
#?....#...KK.......###......
#!!#. #..≈.......÷..###.....
# # #≈≈....##.....##......
≈≈≈≈≈.≈####............
≈≈≈≈≈≈≈≈≈≈≈##≈≈.≈.......
≈≈≈≈≈≈≈≈≈≈≈≈≈≈≈≈≈≈≈≈.≈≈≈≈
≈≈≈≈≈≈≈≈≈≈≈≈≈≈≈≈≈≈≈≈≈≈≈≈≈ #
≈≈≈≈≈≈≈≈≈≈≈≈≈≈≈≈≈≈≈≈≈≈≈≈


You could see 3 kobold brigands.

Vanquished Creatures
  A kobold brigand (Sewer)
  A scorpion (D:2)
  An orc priest (D:2)
  A gnoll (D:1)
  4 adders
  5 river rats (Sewer)
  3 worms
  A dart slug (D:1)
  5 orcs (D:2)
  8 ball pythons
  3 bats
  2 endoplasms (D:2)
  2 giant cockroaches (D:1)
  2 goblins
  5 hobgoblins
  2 quokkas (D:1)
  3 frilled lizards
  11 kobolds
  16 rats
76 creatures vanquished.

Notes
Turn   | Place    | Note
-------+----------+-------------------------------------------
     0 | D:1      | tatocazan the Minotaur Hunter began the quest for the Orb.
     0 | D:1      | Reached XP level 1. HP: 18/18 MP: 0/0
   257 | D:1      | Found a faded altar of an unknown god.
   346 | D:1      | Reached XP level 2. HP: 24/25 MP: 1/1
   538 | D:1      | Reached skill level 1 in Armour
   826 | D:1      | Reached XP level 3. HP: 28/31 MP: 2/2
  1159 | D:2      | Reached XP level 4. HP: 38/38 MP: 3/3
  1184 | D:2      | Noticed a scorpion
  1187 | D:2      | Killed a scorpion
  1188 | D:2      | Reached skill level 5 in Crossbows
  1285 | D:2      | Reached XP level 5. HP: 45/46 MP: 4/4
  1290 | D:2      | Found Pihaat's Distillery.
  1538 | D:2      | Found Jadduf's Antique Armour Shoppe.
  1681 | D:2      | Found Jevaub's Antique Armour Boutique.
  1904 | D:3      | Found a glowing drain.
  1921 | Sewer    | Entered a sewer
  2253 | Sewer    | Reached XP level 6. HP: 16/53 MP: 5/5
  2942 | Sewer    | HP: 2/53 [rat (3)]
  3364 | Sewer    | HP: 2/53 [kobold brigand (5)]
  3364 | Sewer    | Slain by a kobold brigand

Illustrated notes

Levels and vault maps discovered:
D:1:      dpeg_arrival_tiny_a, layout_loops_ring,
          shapermc_ecumenical_altar_mp_urbaneastern, grunt_decor_one_mirror
D:2:      cheibrodos_pilgrimage, layout_loops_ring, serial_shops,
          nicolae_shop_competitors_out_of_business, shop, shop, kennysheep_donut
D:3:      layout_basic, amcnicky_altar_gilded, cheibrodos_sewer_entry_bend,
          chequers_serial_rivers_large_b
Sewer:    sewer_minmay_treatment

Skill      XL: |  1  2  3  4  5  6 |
---------------+-------------------+-----
Armour         | 1 2 3 |  3.4
Fighting       | 3 4 |  4.5
Dodging        | 3 4 |  4.0
Crossbows      | 5 |  5.6
Stealth        | |  0.7

Action                   |  1- 3 |  4- 6 || total
-------------------------+-------+-------++-------
Melee: Short sword       |    51 |   111 ||   162
       Headbutt          |     4 |    16 ||    20
       Punch             |       |     2 ||     2
 Fire: Hand crossbow     |    10 |    12 ||    22
  Use: Potion            |       |     2 ||     2
 Stab: Sleeping          |     1 |       ||     1
Armor: Leather armour    |    29 |    37 ||    66
Dodge: Dodged            |    26 |    97 ||   123

Table legend: (Time is in decaauts)
 A = Elapsed time spent in this place.
 B = Non-inter-level travel time spent in this place.
 C = Inter-level travel time spent in this place.
 D = Time resting spent in this place.
 E = Time spent auto-exploring this place.
 F = Levels seen in this place.
 G = Mean time per level.
                   A        B        C        D        E       F      G
               +--------+--------+--------+--------+--------+-----+--------+
         Total |   3392 |   3341 |     51 |   1130 |   1758 |   4 |  848.0 |
       Dungeon |   1935 |   1884 |     51 |      0 |   1574 |   3 |  645.0 |
         Sewer |   1457 |   1457 |      0 |   1130 |    184 |   1 | 1457.0 |
               +--------+--------+--------+--------+--------+-----+--------+

Top non-repeatable levels by time:
   Sewer: 1457 daAuts
     D:1: 1087 daAuts
     D:2: 819 daAuts
     D:3: 28 daAuts
